 Dungeon Crawl Stone Soup version 0.30.1 (webtiles) character file.

Game seed: 4076921663071173160

58284 spardeous the Spry (level 14, -11/66 HPs)
             Began as a Felid Earth Elementalist on July 9, 2023.
             Was an Initiate of Gozag.
             Mangled by a +3 vampiric long sword (21 damage)
             ... while paralysed by an air elemental
             ... on level 2 of the Elven Halls.
             The game lasted 01:50:03 (41397 turns).

spardeous the Spry (Felid Earth Elementalist)      Turns: 41397, Time: 01:50:04

Health: -11/66     AC:  3    Str:  9    XL:     14   Next: 48%
Magic:  20/29      EV:  4    Int: 24    God:    Gozag
Gold:   528        SH:  0    Dex: 12    Spells: 20/33 levels left
                                        Lives:  0   Deaths: 4

rFire   + +          .
                       - Unarmed
rCold   + + +        (shield unavailable)
rNeg    + . .        (body armour unavailable)
rPois   .            (helmet unavailable)
rElec   .            (cloak unavailable)
rCorr   .            (gloves unavailable)
SInv    +            (boots unavailable)
Will    +....        (no amulet)
Stlth   +++          O - ring of the Blushing Queen {rN+ EV+5 Str+5 SInv}
HPRegen 0.31/turn    X - ring of the Aged Lusting Souls {rF++ rC+++ Will- EV+5 Dex-5}
MPRegen 0.21/turn

%: no passive effects
@: paralysed, quick
A: very small, claws 1, fangs 3, see invisible, speed 1, shaggy fur 3, stealthy
paws, no weapons or thrown items, no armour, multi-lived, antennae 1, mutation
resistance 1
a: Renounce Religion, Potion Petition, Call Merchant, Bribe Branch


You were on level 2 of the Elven Halls.
You worshipped Gozag.
Gozag was pleased with you.
You visited 5 branches of the dungeon, and saw 24 of its levels.
You visited the Abyss 1 time.
You also visited: Ice Cave.

You collected 6678 gold pieces.
You spent 2245 gold pieces at shops.
You paid 3905 gold pieces to Gozag.

Inventory:

Jewellery
 d - a ring of positive energy
 f - a ring of protection from cold
 i - a ring of flight
 H - a +6 ring of dexterity
 J - a ring of ice
 K - a ring of positive energy
 O - the ring of the Blushing Queen (left paw) {rN+ EV+5 Str+5 SInv}
   (You bought it in a shop on level 1 of the Lair of Beasts)

   [ring of evasion]

   EV:        It affects your evasion (+5).
   Str:       It affects your strength (+5).
   rN:        It protects you from negative energy.
   SInv:      It lets you see invisible.
 P - a ring of protection from cold
 V - a ring of protection from cold
 X - the ring of the Aged Lusting Souls (right paw) {rF++ rC+++ Will- EV+5 Dex-5}
   (You bought it in a shop on level 1 of the Lair of Beasts)

   [ring of evasion]

   EV:        It affects your evasion (+5).
   Dex:       It affects your dexterity (-5).
   rF:        It greatly protects you from fire.
   rC:        It renders you almost immune to cold.
   Will:      It decreases your willpower.
Wands
 g - a wand of polymorph (32)
 n - a wand of roots (36)
 r - a wand of flame (52)
 v - a wand of charming (26)
 x - a wand of digging (4)
 I - a wand of quicksilver (10)
Scrolls
 e - 6 scrolls of teleportation
 j - 5 scrolls of torment
 k - 4 scrolls of brand weapon
 l - 3 scrolls of amnesia {unknown}
 m - 5 scrolls of vulnerability
 p - 2 scrolls of acquirement {unknown}
 q - 4 scrolls of fog {unknown}
 t - a scroll of enchant weapon
 u - 5 scrolls of noise {unknown}
 y - 2 scrolls of summoning {unknown}
 B - 5 scrolls of magic mapping {unknown}
 D - 2 scrolls of fear {unknown}
 E - a scroll of immolation {unknown}
 F - 2 scrolls of enchant armour {unknown}
 R - 2 scrolls of poison
 S - 3 scrolls of blinking {unknown}
 W - a scroll of identify
Potions
 a - 2 potions of magic
 b - 4 potions of attraction
 c - 2 potions of heal wounds
 h - 4 potions of lignification
 o - 4 potions of mutation
 s - 4 potions of degeneration
 w - 2 potions of might
 z - 10 potions of curing
 A - a potion of berserk rage
 C - 8 potions of flight
 G - 2 potions of ambrosia
 L - a potion of resistance
 M - a potion of brilliance
Miscellaneous
 N - a condenser vane
 Q - a phial of floods
 U - a lightning rod (4/4)


   Skills:
 - Level 10.0 Fighting
 - Level 16.4 Dodging
 - Level 5.0 Stealth
 - Level 5.2 Unarmed Combat
 - Level 10.0 Spellcasting
 - Level 10.0 Conjurations
 + Level 12.6 Transmutations
 - Level 13.0 Earth Magic


You had 20 spell levels left.
You knew the following spells:

 Your Spells              Type           Power      Damage    Failure   Level
a - Sandblast             Erth           100%       2d20      1%          1
b - Stone Arrow           Conj/Erth      100%       3d13      1%          3
c - Petrify               Tmut/Erth      65%        N/A       1%          4
d - Borgnjor's Vile Clut  Necr/Erth      21%        N/A       10%         5

Your spell library contained the following spells:

 Spells                   Type           Power      Damage    Failure   Level
 Sting                    Tmut/Pois      100%       1d8       1%          1
 Passwall                 Tmut/Erth      54%        N/A       1%          2
 Spider Form              Tmut/Pois      42%        N/A       1%          3
 Blade Hands              Tmut           32%        N/A       1%          5
 Irradiate                Conj/Tmut      30%        3d21      1%          5
 Ignite Poison            Fire/Tmut/Pois 32%        N/A       2%          3
 Ice Form                 Ice/Tmut       42%        N/A       3%          4
 Summon Small Mammal      Summ           48%        N/A       5%          1
 Flame Wave               Conj/Fire      36%        2d10      7%          4
 Sticky Flame             Conj/Fire      36%        2d6       7%          4
 Cigotuvi's Dreadful Rot  Necr/Pois/Air  24%        N/A       8%          2
 Ensorcelled Hibernation  Hex/Ice        24%        N/A       8%          2
 Poisonous Vapours        Pois/Air       24%        N/A       8%          2
 Sublimation of Blood     Necr           12%        N/A       8%          2
 Yara's Violent Unravell  Hex/Tmut       21%        3d10      11%         5
 Call Canine Familiar     Summ           12%        N/A       16%         3
 Frozen Ramparts          Ice            24%        1d4       16%         3
 Inner Flame              Hex/Fire       12%        N/A       16%         3
 Summon Guardian Golem    Hex/Summ       12%        N/A       16%         3
 Tukima's Dance           Hex            12%        N/A       16%         3
 Freezing Cloud           Conj/Ice/Air   14%        6-21      36%         5
 Anguish                  Hex/Necr       6%         N/A       45%         4
 Olgreb's Toxic Radiance  Pois           12%        N/A       45%         4
 Passage of Golubria      Tloc           12%        N/A       45%         4
 Summon Ice Beast         Ice/Summ       12%        N/A       45%         4
 Death Channel            Necr           6%         N/A       100%        6
 Animate Dead             Necr           Unusable   N/A       N/A         4

Dungeon Overview and Level Annotations

Branches:
Dungeon (14/15)            Temple (1/1) D:7            Lair (5/5) D:10
 Shoals (0/4) Lair:3       Spider (0/4) Lair:3        Slime (0/5) Lair:4
    Orc (2/2) D:11            Elf (1/3) Orc:2        Vaults (0/5) D:13
  IceCv (visited)

Altars:
Ashenzari
Cheibriados
Dithmenos
Elyvilon
Fedhas
Gozag
Hepliaklqana
Kikubaaqudgha
Makhleb
Nemelex Xobeh
Okawaru
Qazlal
Ru
Sif Muna
Trog
Uskayaw
Vehumet
Wu Jian
Xom
Yredelemnul
Zin
The Shining One

Shops:
D:2 *   D:5 ?   Orc:2 ((!:   Lair:1 :===


Innate Abilities, Weirdness & Mutations

You have sharp claws.
You have razor-sharp teeth.
You have supernaturally acute eyesight. (SInv)
You cover ground quickly. (Speed+)
Your thick and shaggy fur keeps you warm. (AC +3, rC+)
Your paws help you pounce on unaware monsters.
You are incapable of wielding weapons or throwing items.
You cannot wear armour.
You gain extra lives every three experience levels.
You have a pair of small antennae on your head.
You are somewhat resistant to further mutation.


Message History

You see here a +0 pair of gloves.
You now have 496 gold pieces (gained 22).
Things that are here:
a +0 rapier; a +0 chain mail
Found a plate armour and 4 stones.
You now have 512 gold pieces (gained 16).
r - a wand of flame (52) (gained 16 charges)
You now have 528 gold pieces (gained 16).
Found a scale mail.
You sense a monster nearby.
An air elemental and a +3 vampiric long sword come into view.
There are monsters nearby!
Casting: Stone Arrow (safe; 1% risk of failure)
Confirm with . or Enter, or press ? or * to list all spells.
Aiming: Stone Arrow (safe; 1% risk of failure)
Press: ? - help, Shift-Dir - straight line, f - +3 vampiric long sword
Aim: a +3 vampiric long sword (55% to hit)
The stone arrow misses the +3 vampiric long sword.
The +3 vampiric long sword hits you! x2
Casting: Stone Arrow (safe; 1% risk of failure)
Confirm with . or Enter, or press ? or * to list all spells.
Aiming: Stone Arrow (safe; 1% risk of failure)
Press: ? - help, Shift-Dir - straight line, f/p - +3 vampiric long sword
Aim: a +3 vampiric long sword (55% to hit)
The stone arrow misses the +3 vampiric long sword.
The +3 vampiric long sword closely misses you.
Casting: Stone Arrow (safe; 1% risk of failure)
Confirm with . or Enter, or press ? or * to list all spells.
Aiming: Stone Arrow (safe; 1% risk of failure)
Press: ? - help, Shift-Dir - straight line, f/p - +3 vampiric long sword
Aim: a +3 vampiric long sword (55% to hit)
The stone arrow misses the +3 vampiric long sword.
The +3 vampiric long sword hits you!!
* * * LOW HITPOINT WARNING * * *
The air elemental fires a burst of electricity at you.
The stunning burst hits you!
You suddenly lose the ability to move!
* * * LOW HITPOINT WARNING * * *
The +3 vampiric long sword hits you!!
You die...
Your body crumbles into a pile of gold.

...... # .......
#... ....... #..
...... #.. ....
#.. #.......# #E#
#.......#
#[####.......#
#.(..........# #@#
#...(...#
#.#####.##.###
#....##......#
#..........#.# .
#............# #[
.
#.##.#.......##...
.
#.##..........###.
.
#.#####...........
.
#.#####.#.########


You could see an air elemental and a +3 vampiric long sword.

Vanquished Creatures
  Azrael (D:12)
  A vault guard (D:13)
  Fannar (Lair:2)
  The ghost of xerfel the Fighter, a journeyman DjFE of Makhleb (D:10)
  2 hydras
  3 catoblepae
  Erica (Lair:2)
  2 boulder beetles
  2 centaur warriors (D:13)
  An ogre mage (Orc:2)
  5 dancing weapons
  2 tengu warriors (D:14)
  3 two-headed ogres
  12 death yaks
  A deep troll shaman (Lair:5)
  Nergalle (Orc:2)
  3 deep elf knights
  Sonja (Lair:2)
  Urug (Lair:5)
  A skyshark (Lair:4)
  A lindwurm (Lair:5)
  2 deep elf archers (Elf:1)
  Pikel (D:8)
  9 deep elf pyromancers
  4 deep elf zephyrmancers
  9 orc sorcerers (Orc:2)
  3 cyclopes
  19 ugly things
  An oklob plant (Lair:3)
  A manticore (D:13)
  10 elephants
  2 black mambas
  A gargoyle (D:10)
  2 unseen horrors (D:11)
  9 cane toads
  2 ice statues (IceCv)
  3 rime drakes
  7 komodo dragons
  3 efreet
  A freezing wraith (D:13)
  A tengu conjurer (D:11)
  An anaconda simulacrum (IceCv)
  A queen bee (D:10)
  7 trolls
  A troll (shapeshifter) (D:13)
  A hornet (D:9)
  A merfolk (D:11)
  Grinder (D:5)
  2 polar bears
  Prince Ribbit (D:8)
  7 dream sheep (Lair:3)
  29 blink frogs
  A jumping spider (Lair:3)
  An air elemental (Elf:2)
  A shadow (D:13)
  A water elemental (Elf:2)
  A centaur simulacrum (D:12)
  A vampire (D:14)
  A wraith (D:14)
  18 yaks
  4 fire elementals
  5 basilisks
  2 wyverns
  A redback (Lair:3)
  A human (D:11)
  A redback (shapeshifter) (D:13)
  3 steam dragons
  7 vampire mosquitoes
  Menkaure (D:5)
  3 wargs
  2 acid dragons
  Duvessa (D:5)
  6 hell hounds (D:12)
  18 water moccasins
  19 orc warriors
  3 black bears
  8 ice beasts
  A sky beast (D:6)
  9 ogres
  22 wolves
  12 centaurs
  4 lemures (D:8)
  4 kobold brigands
  13 bullfrogs
  2 gnoll sergeants
  3 scorpions
  4 earth elementals
  2 two-headed ogre simulacra (D:12)
  A cane toad simulacrum (D:12)
  Dowan (D:5)
  20 wights
  An elephant simulacrum (IceCv)
  18 killer bees
  9 howler monkeys
  2 electric eels
  6 hounds
  A gnoll bouda (D:6)
  11 orc priests
  13 jellies
  3 iguanas
  42 orc wizards
  4 sleepcaps
  Natasha (thrice) (D:2)
  A polar bear simulacrum (IceCv)
  2 troll simulacra (D:12)
  2 spriggan simulacra (D:12)
  A wolf simulacrum (IceCv)
  10 gnolls
  A naga simulacrum (D:12)
  5 adders
  2 white imps (D:7)
  2 ufetubi (D:12)
  A worm (D:9)
  2 dart slugs
  102 orcs
  11 endoplasms
  5 giant cockroaches
  A goblin (D:4)
  10 hobgoblins
  6 jackals
  7 quokkas
  8 ball pythons
  10 bats
  2 frilled lizards (D:2)
  25 kobolds
  5 rats
730 creatures vanquished.

Vanquished Creatures (others)
  An ugly thing (IceCv)
  An orc wizard (Orc:1)
  An orc (Orc:1)
3 creatures vanquished.

Grand Total: 733 creatures vanquished

Notes
Turn   | Place    | Note
-------+----------+-------------------------------------------
     0 | D:1      | spardeous the Felid Earth Elementalist began the quest for
                  | the Orb.
     0 | D:1      | Reached XP level 1. HP: 7/7 MP: 4/4
    78 | D:1      | Reached XP level 2. HP: 11/11 MP: 0/6
   358 | D:3      | Found a hazy altar of Hepliaklqana.
   359 | D:3      | Found a shimmering altar of Xom.
   360 | D:3      | Noticed a spectral ugly thing
   639 | D:4      | Reached XP level 3. HP: 14/14 MP: 3/7
   722 | D:4      | Learned a level 3 spell: Stone Arrow
   864 | D:4      | Noticed a water moccasin
   997 | D:4      | Reached XP level 4. HP: 18/18 MP: 0/8
  1167 | D:4      | Reached skill level 5 in Earth Magic
  1240 | D:4      | Reached XP level 5. HP: 21/21 MP: 4/9
  1497 | D:4      | Found a blossoming altar of Fedhas.
  1499 | D:4      | Found a sparkling altar of Nemelex Xobeh.
  1745 | D:4      | Killed a water moccasin
  1746 | D:4      | Gained mutation: You are covered in thick fur. (AC +2)
                  | [Felid growth]
  1746 | D:4      | Reached XP level 6. HP: 18/24 MP: 5/10
  1891 | D:4      | Found a white marble altar of Elyvilon.
  1994 | D:5      | Entered Level 5 of the Dungeon
  2247 | D:5      | Noticed Menkaure
  2248 | D:5      | Noticed Grinder
  2252 | D:5      | Noticed Dowan
  2261 | D:5      | Noticed Duvessa
  2267 | D:5      | Noticed an ice beast
  2323 | D:5      | Noticed a water moccasin
  2403 | D:4      | Reached XP level 7. HP: 21/27 MP: 5/11
  2711 | D:5      | Reached skill level 1 in Conjurations
  3142 | D:5      | Killed Menkaure
  3234 | D:5      | Killed Grinder
  3235 | D:5      | Reached XP level 8. HP: 5/31 MP: 7/12
  3430 | D:5      | Killed Dowan
  3677 | D:5      | Found Oreat's Magic Scroll Boutique.
  3760 | D:6      | Found an ornate altar of the Wu Jian Council.
  4021 | D:6      | Reached skill level 3 in Dodging
  4201 | D:6      | Reached skill level 4 in Dodging
  4426 | D:6      | Reached skill level 5 in Conjurations
  4634 | D:6      | Found a shimmering blue altar of Sif Muna.
  4769 | D:7      | Reached XP level 9. HP: 11/34 MP: 8/13
  4882 | D:7      | Reached skill level 5 in Dodging
  5182 | D:7      | Found a staircase to the Ecumenical Temple.
  5238 | D:7      | Reached skill level 6 in Dodging
  5269 | Temple   | Entered the Ecumenical Temple
  5344 | D:7      | Slain by a killer bee
  5345 | D:7      | Reached XP level 8. HP: 0/31 MP: 5/12
  5555 | D:7      | Found a shadowy altar of Dithmenos.
  5866 | D:5      | Killed Duvessa
  5867 | D:5      | Reached skill level 10 in Earth Magic
  6154 | D:3      | Reached skill level 7 in Dodging
  6195 | D:3      | Found a faded altar of an unknown god.
  6493 | D:2      | Found Sastriul's General Store.
  6507 | D:2      | Noticed Natasha
  6510 | D:2      | Killed Natasha
  6576 | D:2      | Noticed Natasha
  6579 | D:2      | Killed Natasha
  6650 | D:2      | Noticed Natasha
  6652 | D:2      | Killed Natasha
  7893 | D:7      | Reached skill level 1 in Fighting
  8009 | D:8      | Reached XP level 9. HP: 35/35 MP: 11/13
  8102 | D:8      | Found an opulent altar of Gozag.
  8109 | D:8      | Became a worshipper of Gozag Ym Sagoz the Greedy
  8180 | D:8      | Noticed a two-headed ogre
  8185 | D:8      | Killed a two-headed ogre
  8186 | D:8      | Reached skill level 8 in Dodging
  8314 | D:8      | Noticed Prince Ribbit
  8701 | D:8      | HP: 1/38 [Prince Ribbit (14)]
  8702 | D:8      | Killed Prince Ribbit
  8703 | D:8      | Reached skill level 9 in Dodging
  8720 | D:8      | Reached XP level 10. HP: 6/42 MP: 12/17
  8993 | D:8      | Noticed Pikel
  9027 | D:8      | Killed Pikel
  9793 | D:9      | Reached skill level 5 in Spellcasting
  9919 | D:9      | Paralysed by a hornet for 2 turns
  9921 | D:9      | Succumbed to a hornet's poison
  9922 | D:9      | Reached XP level 9. HP: 0/40 MP: 11/17
  9922 | D:9      | Reached skill level 5 in Fighting
 10030 | D:9      | Reached skill level 10 in Dodging
 10607 | D:9      | Found a snail-covered altar of Cheibriados.
 10881 | D:10     | Entered Level 10 of the Dungeon
 10891 | D:10     | Found a staircase to the Lair.
 10891 | D:10     | Noticed a polar bear
 10891 | D:10     | Noticed a rime drake
 11025 | D:10     | Noticed a queen bee
 11369 | D:10     | Killed a polar bear
 11370 | D:10     | Reached XP level 10. HP: 45/45 MP: 9/19
 11779 | D:10     | Noticed a two-headed ogre
 11797 | D:10     | Killed a two-headed ogre
 11969 | D:10     | Found a transporter.
 11971 | D:10     | Found a transporter.
 12204 | D:10     | Noticed a boulder beetle
 12294 | D:10     | Reached skill level 11 in Dodging
 12519 | D:10     | Noticed a gargoyle
 12527 | D:10     | Killed a gargoyle
 12597 | D:10     | Found a transporter.
 12602 | D:10     | Found a transporter.
 12635 | D:10     | Noticed xerfel's ghost (journeyman DjFE)
 12667 | D:10     | Gained mutation: You are partially covered in iridescent
                  | scales. (AC +2) [potion of mutation]
 12667 | D:10     | Gained mutation: You have a pair of small antennae on your
                  | head. [potion of mutation]
 12667 | D:10     | Gained mutation: Your body sometimes deteriorates upon
                  | taking damage. [potion of mutation]
 12667 | D:10     | Gained mutation: Your spells are a little harder to cast,
                  | but a little more powerful. [potion of mutation]
 12668 | D:10     | Lost mutation: Your body sometimes deteriorates upon taking
                  | damage. [potion of mutation]
 12668 | D:10     | Lost mutation: You are partially covered in iridescent
                  | scales. (AC +2) [potion of mutation]
 12668 | D:10     | Lost mutation: Your spells are a little harder to cast, but
                  | a little more powerful. [potion of mutation]
 12668 | D:10     | Gained mutation: Your muscles are strong. (Str +4, Int/Dex
                  | -1) [potion of mutation]
 12668 | D:10     | Lost mutation: Your muscles are strong. (Str +4, Int/Dex
                  | -1) [potion of mutation]
 12668 | D:10     | Gained mutation: You are somewhat resistant to further
                  | mutation. [potion of mutation]
 12680 | D:10     | Learned a level 4 spell: Petrify
 12819 | Lair:1   | Entered Level 1 of the Lair of Beasts
 14365 | Lair:2   | Reached XP level 11. HP: 50/50 MP: 18/22
 14439 | Lair:2   | Noticed Sonja
 14439 | Abyss:1  | Cast into level 1 of the Abyss (Sonja)
 14457 | Abyss:2  | Found a corrupted altar of Lugonu.
 14462 | Lair:2   | Escaped the Abyss
 14849 | Lair:2   | Killed Sonja
 14970 | Lair:2   | Found a snail-covered altar of Cheibriados.
 15162 | Lair:2   | Noticed Erica
 15178 | Lair:2   | Killed Erica
 15551 | Lair:2   | Found the +8 whip "Snakebite" {venom, curare, rPois}
 15885 | Lair:2   | Noticed Fannar
 15935 | Lair:2   | Killed Fannar
 16251 | Lair:2   | Found a broken altar of Ashenzari.
 16903 | Lair:3   | Noticed a six-headed hydra
 17090 | Lair:3   | Noticed a death yak
 17116 | Lair:2   | Killed a death yak
 17230 | Lair:3   | Reached skill level 10 in Fighting
 17408 | Lair:3   | Gained mutation: Your thick and shaggy fur keeps you warm.
                  | (AC +3, rC+) [Felid growth]
 17408 | Lair:3   | Reached XP level 12. HP: 58/58 MP: 5/26
 17516 | Lair:3   | Noticed a death yak
 17629 | Lair:3   | Killed a six-headed hydra
 17742 | Lair:3   | Reached skill level 10 in Spellcasting
 17864 | Lair:3   | Found a staircase to the Shoals.
 18144 | Lair:3   | Found a hole to the Spider Nest.
 18472 | Lair:3   | Noticed a death yak
 18472 | Lair:3   | Noticed a death yak
 18473 | Lair:3   | Noticed a death yak
 18482 | Lair:3   | Noticed a death yak
 18510 | Lair:3   | Killed a death yak
 18518 | Lair:3   | Noticed a death yak
 18532 | Lair:3   | Noticed a death yak
 18621 | Lair:3   | Killed a death yak
 18746 | Lair:3   | Killed a death yak
 18873 | Lair:2   | Killed a death yak
 19710 | Lair:3   | Killed a death yak
 19711 | Lair:3   | Reached skill level 10 in Conjurations
 19739 | Lair:3   | Killed a death yak
 19824 | Lair:3   | Killed a death yak
 20682 | Lair:4   | Reached skill level 12 in Dodging
 20703 | Lair:4   | Found a staircase to the Slime Pits.
 20949 | Lair:4   | Reached XP level 13. HP: 61/61 MP: 16/28
 20950 | Lair:4   | Reached skill level 5 in Stealth
 21906 | Lair:4   | Reached skill level 5 in Transmutations
 22625 | Lair:1   | Bought the ring of the Blushing Queen {rN+ EV+5 Str+5 SInv}
                  | for 1114 gold pieces
 22750 | Lair:5   | Entered Level 5 of the Lair of Beasts
 22856 | Lair:5   | Noticed Urug
 24707 | Lair:5   | Reached skill level 10 in Transmutations
 24829 | Lair:5   | Reached skill level 1 in Unarmed Combat
 26148 | Lair:5   | Learned a level 5 spell: Borgnjor's Vile Clutch
 26246 | Lair:5   | Killed Urug
 26712 | D:10     | Killed xerfel's ghost
 26910 | D:10     | Got the Guidebook on Coarse Shapeshifting
 26963 | D:11     | Found Gotemos's Armour Shoppe.
 26995 | D:11     | Reached skill level 5 in Unarmed Combat
 27334 | D:11     | Reached XP level 14. HP: 60/66 MP: 9/29
 27758 | D:11     | Found a staircase to the Orcish Mines.
 28410 | Orc:1    | Entered Level 1 of the Orcish Mines
 29719 | Orc:2    | Entered Level 2 of the Orcish Mines
 30399 | Orc:2    | Found a staircase to the Elven Halls.
 31152 | Orc:2    | Found Syre's Book Shop.
 31305 | Orc:2    | Found an ancient bone altar of Kikubaaqudgha.
 31305 | Orc:2    | Noticed Nergalle
 31517 | Orc:2    | Killed Nergalle
 31519 | Orc:2    | Reached skill level 13 in Dodging
 31658 | Orc:2    | Found Qeahul's Antique Weapon Boutique.
 31905 | Orc:2    | Found a radiant altar of Vehumet.
 32233 | Orc:2    | Found Guocresh's Distillery.
 32777 | Orc:2    | Found Naimish's Antique Weapon Shop.
 33274 | D:12     | Noticed Azrael
 33284 | D:12     | HP: 1/66 [Azrael/fireball (36)]
 33284 | D:12     | Slain by a hell hound
 33285 | D:12     | Reached XP level 13. HP: -3/61 MP: 22/28
 33328 | D:12     | Found a white marble altar of Elyvilon.
 33418 | D:12     | Reached skill level 14 in Dodging
 33418 | D:12     | Found a frozen archway.
 33545 | IceCv    | Entered an ice cave
 33692 | IceCv    | Found a transporter.
 33724 | IceCv    | Found a transporter.
 33731 | IceCv    | Reached skill level 16 in Dodging
 33731 | IceCv    | Reached XP level 14. HP: 66/66 MP: 29/29
 34078 | D:12     | Killed Azrael
 34696 | D:12     | Identified the +1 war axe "Rott" {elec, rF+ rN++ Dex+4}
 36417 | D:13     | Found a gate to the Vaults.
 38456 | D:14     | Reached XP level 15. HP: 69/69 MP: 15/30
 39697 | Lair:1   | Bought the ring of the Aged Lusting Souls {rF++ rC+++ Will-
                  | EV+5 Dex-5} for 1131 gold pieces
 39778 | Elf:1    | Entered Level 1 of the Elven Halls
 40401 | Elf:1    | You fall into a shaft and drop 1 floor!
 40479 | Elf:2    | Slain by a +1 heavy dire flail
 40480 | Elf:2    | Reached XP level 14. HP: -2/66 MP: 2/29
 41397 | Elf:2    | Paralysed by an air elemental for 1 turns
 41397 | Elf:2    | Mangled by a +3 vampiric long sword

Illustrated notes

Levels and vault maps discovered:
D:1:      lemuel_arrival_muddy, layout_loops_ring, roderic_roman_lattice,
          chequers_serial_rivers_marsh
D:2:      layout_basic, serial_shops, nicolae_shop_tiny_real_fake_doors,
          kennysheep_decorative_pillar, uniq_natasha
D:3:      layout_basic, regret_index_temple_of_mockery,
          hellmonk_ecumenical_altar_arch_garden
D:4:      layout_cave_pools, marbit_many_paths, gammafunk_temple_overflow_pools,
          minmay_manual_moon
D:5:      layout_cave_pools, serial_shops, nicolae_square_shop, uniq_duvessa,
          uniq_grinder, uniq_menkaure
D:6:      layout_cave_pools, mainiacjoe_overflow_alcove_4,
          mainiacjoe_overflow_catwalk, nicolae_grassy_gnolls
D:7:      layout_rooms, grunt_dithmenos_smoke_and_mirrors,
          minmay_temple_entry_junction, kennysheep_donut,
          corexii_hall_statues_s, minmay_puff
D:8:      nicolae_hitomezashi [nicolae_hito_row, nicolae_hito_row,
          nicolae_hito_row, nicolae_hito_row, nicolae_hito_row,
          nicolae_hito_row, nicolae_hito_row, nicolae_hito_row,
          nicolae_hito_row, nicolae_hito_row, nicolae_hito_row,
          nicolae_hito_row, nicolae_hito_row, nicolae_hito_row,
          nicolae_hito_row, nicolae_hito_row, nicolae_hito_row,
          nicolae_hito_row], layout_loops_ring, mainiacjoe_overflow_chevrons,
          chequers_serial_rivers_large_a, uniq_pikel, uniq_prince_ribbit1
D:9:      layout_rooms, cheibrodos_worm_habitat, serial_co_window_serial,
          co_window_paths_a, co_window_paths_a, co_window_paths_b,
          co_window_corner_a, co_window_corner_a, co_window_unsneaky_path_a,
          co_window_of_opportunity_c, co_window_corner_b, co_window_2corner,
          co_window_broadway_a, co_window_sun, co_window_paths_e,
          glass_columns_b
D:10:     gammafunk_boulding_lane, layout_loops_ring, hellmonk_lair_entry_icy,
          gammafunk_ghost_hive, dreamdust_princess_corridor,
          nicolae_zen_rock_garden
D:11:     layout_roguey, hiddenorc1_lemuel, serial_shops,
          nicolae_shop_pleasant_corner_grove, hangedman_stone_soup
D:12:     layout_rooms, serial_ice, serial_ice_i, serial_ice_e, serial_ice_c,
          serial_ice_a, portal_ice_cave_entry_ice_simulacra, elyvilon_altar_1,
          uniq_azrael
D:13:     layout_layer_cave, david_vaults_5, minmay_microvault
D:14:     layout_big_octagon, nicolae_two_hexagons, serial_column_ruins,
          column_ruins_hut, column_ruins_columns_corner, column_ruins_grid_1,
          column_ruins_corridor_T
Temple:   nicolae_temple_x_marks_the_god
Lair:1:   layout_loops_ring, grunt_megastairs_5, serial_bayou_shore_a
Lair:2:   layout_roguey, basic_altar, chequers_serial_rivers_small_a,
          lemuel_centaur_altar, lemuel_fruit_tree, uniq_erica, uniq_sonja,
          uniq_fannar
Lair:3:   layout_small_grid, elwin_shoals_entry_rocks, spider_nest_entry_a,
          serial_rivers, chequers_serial_rivers_small_b,
          chequers_serial_rivers_micro_e, chequers_serial_rivers_marsh,
          chequers_serial_rivers_room_a, chequers_serial_rivers_micro_a,
          chequers_serial_rivers_micro_e, dpeg_oklob_1
Lair:4:   layout_long_grid, minmay_slime_entry_jelly_boxes
Lair:5:   grunt_lair_end_beastmaster, layout_gridlike,
          chequers_serial_rivers_large_b, uniq_urug
Orc:1:    layout_caves, basic_altar
Orc:2:    kennysheep_orc_mage_school, layout_caves, nicolae_orc_tapped_out
Elf:1:    layout_geoelf_grid, hangedman_elf_represent, minivault_4
Elf:2:    elven_hall_of_blades_hangedman_original
          [nicolae_blade_entry_sentries_behind_glass], layout_loops_cross,
          serial_shops, shop

Skill      XL: |  1  2  3  4  5  6  7  8  9 10 11 12 13 14 15 |
---------------+----------------------------------------------+-----
Earth Magic    | 3 4 5 6 7 8 10 12 13 | 13.0
Conjurations   | 3 6 10 | 10.0
Dodging        | 7 10 11 12 16 13 | 16.4
Fighting       | 1 5 7 10 | 10.0
Spellcasting   | 4 7 9 10 | 10.0
Stealth        | 4 5 |  5.0
Transmutations | 10 12 | 12.6
Unarmed Combat | 5 |  5.2

Action                     |  1- 3 |  4- 6 |  7- 9 | 10-12 | 13-15 || total
---------------------------+-------+-------+-------+-------+-------++-------
  Melee: Unarmed           |       |       |     1 |     1 |    38 ||    40
         Bite              |       |       |       |       |     4 ||     4
         Punch             |       |       |       |       |     2 ||     2
   Cast: Sandblast         |    48 |    75 |   298 |   195 |   336 ||   952
         Stone Arrow       |       |       |    21 |   234 |   637 ||   892
         Petrify           |       |       |       |     4 |    21 ||    25
         Borgnjor's Vile C |       |       |       |       |     1 ||     1
 Invoke: Call Merchant     |       |       |       |     2 |     2 ||     4
  Evoke: Wand              |       |       |     4 |     3 |       ||     7
    Use: Potion            |       |       |     4 |     3 |    16 ||    23
         Scroll            |       |       |       |    14 |     7 ||    21
   Stab: Petrified         |       |       |       |       |    25 ||    25
 Armour: Skin              |       |     1 |     7 |    10 |    13 ||    31
  Dodge: Dodged            |    11 |    27 |   138 |   184 |   585 ||   945
